 Dungeon Sprint DCSS version 0.27-a0-550-ge92ec0ca06 (webtiles) character file.

Game seed: 9053180853565726817

28842 rocky1 the Earth Mage (level 13, -1/141 (142) HPs)
             Began as an Octopode Earth Elementalist on Mar 8, 2021.
             Was the Champion of Sif Muna.
             Slain by a profane servitor
             ... wielding a +2 whip
              (16 damage)
             ... in the Dungeon (Sprint VII: "The Pits").
             The game lasted 00:24:35 (3061 turns).

rocky1 the Earth Mage (Octopode Earth Elementalist) Turns: 3061, Time: 00:24:36

HP:   -1/141 (142)  AC: 16    Str: 18    XL:     13   Next: 41%
MP:   16/30         EV: 13    Int: 25    God:    Sif Muna [******]
Gold: 46            SH:  0    Dex: 12    Spells: 13/39 levels left

rFire    + + .     SeeInvis .   (weapon currently unavailable)
rCold    x . .     Faith    .   (shield currently unavailable)
rNeg     + . .     Spirit   .   (helmet currently unavailable)
rPois    +         Reflect  .   (no amulet)
rElec    .         Harm     .   m - +3 ring of evasion
rCorr    .         Rampage  .   n - +3 ring of intelligence
Will     .....     NoTele   +   h - ring of positive energy
Stlth    ++........             u - ring of poison resistance
HPRegen  0.33/turn              (no ring)
MPRegen  0.22/turn              (no ring)
                                (no ring)
                                (no ring)

@: short of breath, dragon-form, flying, wreathed by umbra, lightly drained
A: giant, almost no armour, amphibious, 8 rings, (constrict 8)
a: Breathe Fire, Stop Flying, End Transformation, Renounce Religion, Channel
Magic, Forget Spell, Divine Exegesis


You were in the Dungeon.
You worshipped Sif Muna.
Sif Muna was exalted by your worship.
You were a fearsome dragon!
You visited 1 branch You collected 46 gold pieces.

Inventory:

Hand Weapons
 a - a +2 long sword of flaming
 l - a +1 quarterstaff of speed
 r - a +0 lajatang
 s - the +2 halberd of Income (melded) {holy, rElec Int+3}
   (You found it in the Dungeon)

   It has been blessed by the Shining One to cause great damage to the undead
   and demons.
   It affects your intelligence (+3).
   It insulates you from electricity.
 B - a +0 dire flail
Missiles
 b - 37 stones
Jewellery
 h - a ring of positive energy (on tentacle)
 m - a +3 ring of evasion (left foreclaw)
 n - a +3 ring of intelligence (right foreclaw)
 u - a ring of poison resistance (on tentacle)
Scrolls
 j - 5 scrolls of amnesia
 k - a scroll of summoning
 w - 4 scrolls of enchant armour
 x - 2 scrolls of fog
 y - 2 scrolls of identify
 z - a scroll of fear
Potions
 c - 10 potions of curing
 d - 8 potions of heal wounds
 e - 2 potions of haste
 f - 3 potions of magic
 g - 5 potions of berserk rage
 i - a potion of invisibility
 o - 2 potions of resistance
 p - a potion of brilliance
 q - 3 potions of mutation
 t - 2 potions of might
Miscellaneous
 v - a condenser vane


   Skills:
 + Level 11.0 Fighting
 + Level 14.4 Dodging
 - Level 2.6 Stealth
 + Level 13.5 Spellcasting
 + Level 8.2 Conjurations
 + Level 4.8 Translocations
 + Level 8.4 Transmutations
 + Level 8.2 Fire Magic
 + Level 17.0 Earth Magic
 - Level 13.1 Invocations
 + Level 7.2 Evocations


You had 13 spell levels left.
You knew the following spells:

 Your Spells              Type           Power      Damage    Failure   Level
a - Sandblast             Erth           100%       2d20      0%          1
b - Stone Arrow           Conj/Erth      100%       3d13      1%          3
c - Lee's Rapid Deconstr  Erth           40%        3d21*     1%          5
d - Petrify               Tmut/Erth      69%        N/A       1%          4
e - Bolt of Magma         Conj/Fire/Erth 32%        4d14      1%          5
f - Iron Shot             Conj/Erth      34%        9d7       3%          6
g - Blink                 Tloc           N/A        N/A       1%          2

Your spell library contained the following spells:

 Spells                   Type           Power      Damage    Failure   Level
 Apportation              Tloc           82%        N/A       1%          1
 Beastly Appendage        Tmut           100%       N/A       1%          1
 Passwall                 Tmut/Erth      57%        N/A       1%          2
 Wereblood                Tmut           56%        N/A       1%          2
 Ignite Poison            Fire/Tmut/Pois 44%        N/A       1%          3
 Static Discharge         Conj/Air       37%        N/A       1%          3
 Leda's Liquefaction      Hex/Erth       28%        N/A       1%          4
 Sticky Flame             Conj/Fire      55%        2d7       1%          4
 Iskenderun's Mystic Bla  Conj/Tloc      49%        2d11      2%          4
 Borgnjor's Vile Clutch   Necr/Erth      28%        N/A       2%          5
 Statue Form              Tmut/Erth      46%        N/A       2%          6
 Pain                     Necr           64%        1d7       3%          1
 Summon Small Mammal      Summ           64%        N/A       3%          1
 Portal Projectile        Hex/Tloc       58%        N/A       3%          3
 Blade Hands              Tmut           28%        N/A       3%          5
 Fireball                 Conj/Fire      27%        3d12      3%          5
 Irradiate                Conj/Tmut      27%        3d22      3%          5
 Manifold Assault         Tloc           41%        N/A       4%          4
 Poisonous Vapours        Pois/Air       32%        N/A       5%          2
 Swiftness                Air            16%        N/A       5%          2
 Fulminant Prism          Conj/Hex       18%        3d11      6%          4
 Ice Form                 Ice/Tmut       38%        N/A       6%          4
 Frozen Ramparts          Ice            32%        1d5       11%         3
 Summon Guardian Golem    Hex/Summ       16%        N/A       11%         3
 Vampiric Draining        Necr           8%         2d7       11%         3
 Hydra Form               Tmut           28%        N/A       16%         6
 Yara's Violent Unravell  Hex/Tmut       19%        3d9       17%         5
 Lightning Bolt           Conj/Air       18%        1d33      19%         5
 Starburst                Conj/Fire      27%        8x6d9     19%         6
 Airstrike                Air            8%         N/A       34%         4
 Animate Dead             Necr           8%         N/A       34%         4
 Cause Fear               Hex            8%         N/A       34%         4
 Summon Ice Beast         Ice/Summ       16%        N/A       34%         4
 Summon Forest            Summ/Tloc      14%        N/A       34%         5
 Dispersal                Tloc           20%        N/A       58%         6
 Dragon Form              Tmut           28%        N/A       65%         7
 Silence                  Hex/Air        8%         N/A       67%         5
 Orb of Destruction       Conj           27%        9d11      69%         7
 Freezing Cloud           Conj/Ice/Air   15%        6-21      86%         6
 Shatter                  Erth           40%        3d31*     97%         9
 Death Channel            Necr           8%         N/A       99%         6
 Shadow Creatures         Summ           N/A        N/A       99%         6
 Spellforged Servitor     Conj/Summ      18%        N/A       99%         7
 Haunt                    Necr/Summ      8%         N/A       100%        7
 Discord                  Hex            8%         N/A       100%        8
 Disjunction              Tloc           20%        N/A       100%        8
 Ignition                 Fire           27%        3d9       100%        8
 Necromutation            Tmut/Necr      19%        N/A       100%        8
 Death's Door             Necr           8%         N/A       100%        9
 Tornado                  Air            8%         N/A       100%        9


Dungeon Overview and Level Annotations

Branches:
Dungeon (1/1)

Altars:
Ashenzari
Cheibriados
Dithmenos
Elyvilon
Fedhas
Gozag
Hepliaklqana
Kikubaaqudgha
Makhleb
Nemelex Xobeh
Okawaru
Qazlal
Ru
Sif Muna
Trog
Uskayaw
Vehumet
Wu Jian
Xom
Yredelemnul
Zin
The Shining One
Beogh
Jiyva
Lugonu


Innate Abilities, Weirdness & Mutations

You cannot wear most types of armour.
You are amphibious.
You can wear up to eight rings at the same time.
((You can use your tentacles to constrict eight enemies at once.))
((Your skin changes colour to match your surroundings (Stealth+).))
((Your rubbery body absorbs attacks. (AC +1, EV +1)))
((You are stealthy while swimming. (Stealth+)))


Message History

The +2 halberd of Income {holy, rElec Int+3} stops glowing.
A water elemental comes into view.
Press: ? - help, Shift-Dir - straight line, f - profane servitor
Aim: a profane servitor, wielding a +2 whip (umbra)
You breathe a blast of fire!
The fiery breath hits the profane servitor!
The profane servitor is lightly damaged.
The profane servitor hits you with a +2 whip!
* * * LOW HITPOINT WARNING * * *
The profane servitor draws strength from your injuries!
The profane servitor hits you but does no damage. x2
The profane servitor hits you with a +2 whip!
* * * LOW HITPOINT WARNING * * *
You partially resist.
You feel drained.
* * * LOW HITPOINT WARNING * * *
You barely miss the profane servitor.
The profane servitor is lightly damaged.
You feel less invigorated.
The profane servitor closely misses you.
The profane servitor hits you but does no damage.
The water elemental is engulfed in blazing flames.
An ice devil comes into view.
You closely miss the profane servitor.
The profane servitor is lightly damaged.
The profane servitor closely misses you.
The profane servitor hits you but does no damage.
The water elemental hits you. The profane servitor barely misses you.
The profane servitor hits you with a +2 whip.
* * * LOW HITPOINT WARNING * * *
You bite the profane servitor!!
The profane servitor is moderately damaged.
The profane servitor hits you with a +2 whip!
* * * LOW HITPOINT WARNING * * *
The profane servitor draws strength from your injuries!
The profane servitor hits you but does no damage.
The water elemental barely misses you.
You miss the profane servitor.
The profane servitor is lightly damaged.
The profane servitor hits you with a +2 whip!
You die...

## ..# }# ..# .# ..# i# ..# )#
##..# #++ 4#. ..# #..
#############○##..# #..
............EA....# #.)
.............D)...# #[)
#######''########## #..
##########''########## #..
#................##..# #..
#......#..#......##..# #).
#................''..# #..
'................''..##########..
#......#..#......##.....)).......
#................##..............


You could see a profane servitor, an ice devil and a water elemental.

Vanquished Creatures
  A nagaraja (D)
  Erolcha (D)
  3 ogre magi (D)
  An anaconda (D)
  A merfolk aquamancer (D)
  5 two-headed ogres (D)
  Erica (D)
  3 death yaks (D)
  A sixfirhy (D)
  A fire crab (D)
  4 skeletal warriors (D)
  A deep troll (D)
  2 phantasmal warriors (D)
  2 orc knights (D)
  2 deep elf pyromancers (D)
  A cyclops (D)
  A smoke demon (D)
  2 yaktaurs (D)
  A cane toad (D)
  2 demonic crawlers (D)
  An ice devil (D)
  2 freezing wraiths (D)
  2 kobold demonologists (D)
  A jumping spider (D)
  A tyrant leech (D)
  A polar bear (D)
  2 hornets (D)
  A red devil (D)
  Grinder (D)
  A raiju (shapeshifter) (D)
  11 blink frogs (D)
  A shadow (D)
  2 spriggans (D)
  A wyvern (D)
  3 water elementals (D)
  2 steam dragons (D)
  A neqoxec (D)
  3 vampire mosquitoes (D)
  A warg (D)
  A soldier ant (D)
  A floating eye (D)
  7 orc warriors (D)
  A sky beast (D)
  An eye of draining (D)
  6 ogres (D)
  A necrophage (D)
  2 centaurs (D)
  A phantom (D)
  2 kobold brigands (D)
  A scorpion (D)
  3 wights (D)
  An orc priest (D)
  A gnoll shaman (D)
  An iguana (D)
  3 worker ants (D)
  2 orc wizards (D)
  3 gnolls (D)
  2 river rats (D)
  2 adders (D)
  A white imp (D)
  An ufetubus (D)
  An ooze (D)
  An adder zombie (D)
  A worm (D)
  5 orcs (D)
  A giant cockroach (D)
  A goblin (D)
  A hobgoblin (D)
  2 quokkas (D)
  2 frilled lizards (D)
  4 kobolds (D)
  A rat (D)
138 creatures vanquished.

Notes
Turn   | Place    | Note
-------+----------+-------------------------------------------
     0 | D        | rocky1 the Octopode Earth Elementalist began the quest for
                  | the Orb.
     0 | D        | Reached XP level 1. HP: 11/11 MP: 3/3
    14 | D        | Reached skill level 4 in Earth Magic
    18 | D        | Found a bloodstained altar of Trog.
    18 | D        | Found a shimmering blue altar of Sif Muna.
    18 | D        | Found a viscous altar of Jiyva.
    18 | D        | Found a hazy altar of Hepliaklqana.
    18 | D        | Found an opulent altar of Gozag.
    20 | D        | Found a glowing golden altar of the Shining One.
    20 | D        | Found a glowing silver altar of Zin.
    20 | D        | Found a basalt altar of Yredelemnul.
    20 | D        | Found a shimmering altar of Xom.
    20 | D        | Found an ornate altar of the Wu Jian Council.
    20 | D        | Found a sacrificial altar of Ru.
    20 | D        | Found a stormy altar of Qazlal.
    20 | D        | Found an iron altar of Okawaru.
    20 | D        | Found a sparkling altar of Nemelex Xobeh.
    20 | D        | Found a burning altar of Makhleb.
    20 | D        | Found a blossoming altar of Fedhas.
    20 | D        | Found a white marble altar of Elyvilon.
    20 | D        | Found a shadowy altar of Dithmenos.
    20 | D        | Found a snail-covered altar of Cheibriados.
    22 | D        | Found a radiant altar of Vehumet.
    22 | D        | Found a corrupted altar of Lugonu.
    23 | D        | Found a hide-covered altar of Uskayaw.
    23 | D        | Found an ancient bone altar of Kikubaaqudgha.
    23 | D        | Found a broken altar of Ashenzari.
    25 | D        | Became a worshipper of Sif Muna the Loreminder
    62 | D        | Reached skill level 5 in Earth Magic
    62 | D        | Reached XP level 2. HP: 17/17 MP: 3/5
    63 | D        | Reached skill level 6 in Earth Magic
    63 | D        | Reached XP level 3. HP: 21/21 MP: 2/6
   211 | D        | Reached * piety under Sif Muna
   212 | D        | Reached skill level 7 in Earth Magic
   269 | D        | Reached skill level 8 in Earth Magic
   269 | D        | Reached XP level 4. HP: 27/27 MP: 4/7
   301 | D        | Learned a level 3 spell: Stone Arrow
   339 | D        | Reached ** piety under Sif Muna
   362 | D        | Noticed a kobold brigand
   364 | D        | Killed a kobold brigand
   365 | D        | Reached skill level 10 in Earth Magic
   365 | D        | Reached XP level 5. HP: 31/31 MP: 5/8
   435 | D        | Reached *** piety under Sif Muna
   435 | D        | Noticed an orc warrior
   448 | D        | Killed an orc warrior
   449 | D        | Reached skill level 11 in Earth Magic
   449 | D        | Reached XP level 6. HP: 17/36 MP: 0/12
   452 | D        | Reached **** piety under Sif Muna
   453 | D        | Noticed an orc warrior
   462 | D        | Learned a level 5 spell: Lee's Rapid Deconstruction
   467 | D        | Learned a level 4 spell: Petrify
   500 | D        | Killed an orc warrior
   599 | D        | Reached skill level 5 in Spellcasting
   747 | D        | Noticed a two-headed ogre
   749 | D        | Killed a two-headed ogre
   749 | D        | Reached ***** piety under Sif Muna
   750 | D        | Reached skill level 12 in Earth Magic
   750 | D        | Reached XP level 7. HP: 41/41 MP: 3/17
   750 | D        | Reached XP level 8. HP: 46/46 MP: 3/18
   945 | D        | Identified Kexzuade's Handbook of the Voyage and the Birds
                  | (Sif Muna gifted it to you in the Dungeon)
   945 | D        | Received a gift from Sif Muna
  1114 | D        | Noticed a tyrant leech
  1114 | D        | Noticed a freezing wraith
  1120 | D        | Killed a freezing wraith
  1122 | D        | Killed a tyrant leech
  1123 | D        | Reached skill level 13 in Earth Magic
  1174 | D        | Got the +2 halberd of Income {holy, rElec Int+3}
  1253 | D        | Reached XP level 9. HP: 51/51 MP: 15/21
  1261 | D        | Identified Sif Muna's Tome of Dark Rituals (Sif Muna gifted
                  | it to you in the Dungeon)
  1261 | D        | Received a gift from Sif Muna
  1275 | D        | Reached skill level 10 in Invocations
  1281 | D        | Reached skill level 10 in Dodging
  1284 | D        | Reached skill level 14 in Earth Magic
  1407 | D        | Noticed a phantasmal warrior
  1407 | D        | Noticed a cyclops
  1413 | D        | Killed a cyclops
  1413 | D        | Identified Noenkuiph's Reference Book on Damage Dealing
                  | (Sif Muna gifted it to you in the Dungeon)
  1413 | D        | Received a gift from Sif Muna
  1413 | D        | Killed a phantasmal warrior
  1414 | D        | Reached skill level 10 in Spellcasting
  1414 | D        | Reached XP level 10. HP: 62/62 MP: 20/24
  1426 | D        | Learned a level 5 spell: Bolt of Magma
  1433 | D        | Learned a level 6 spell: Iron Shot
  1636 | D        | Identified Sif Muna's Tome of Dislocation and the
                  | Snowflakes (Sif Muna gifted it to you in the Dungeon)
  1636 | D        | Received a gift from Sif Muna
  1653 | D        | Noticed an orc knight
  1654 | D        | Killed an orc knight
  1694 | D        | Noticed Grinder
  1695 | D        | Identified Sif Muna's Reference Book on Aerial Conjuration
                  | (Sif Muna gifted it to you in the Dungeon)
  1695 | D        | Received a gift from Sif Muna
  1696 | D        | Killed Grinder
  1697 | D        | Reached skill level 5 in Fighting
  1717 | D        | Noticed a nagaraja
  1717 | D        | Noticed a deep elf pyromancer
  1719 | D        | Noticed an anaconda
  1726 | D        | Killed a deep elf pyromancer
  1727 | D        | Reached skill level 15 in Earth Magic
  1727 | D        | Reached XP level 11. HP: 55/72 MP: 11/26
  1736 | D        | Killed an anaconda
  1736 | D        | Received a gift from Sif Muna
  1829 | D        | Killed a nagaraja
  1829 | D        | Reached ****** piety under Sif Muna
  1978 | D        | Noticed a skeletal warrior
  1980 | D        | Killed a skeletal warrior
  1980 | D        | Noticed a skeletal warrior
  1980 | D        | Noticed an orc knight
  1981 | D        | Reached skill level 1 in Conjurations
  1981 | D        | Reached skill level 1 in Fire Magic
  1982 | D        | Identified Ostreoloa's Papyrus of Dark Shape Shifting (Sif
                  | Muna gifted it to you in the Dungeon)
  1982 | D        | Received a gift from Sif Muna
  1982 | D        | Noticed Erica
  1983 | D        | Killed a skeletal warrior
  1984 | D        | Noticed a skeletal warrior
  1990 | D        | Killed an orc knight
  1991 | D        | Killed Erica
  1995 | D        | Killed a skeletal warrior
  1995 | D        | Identified Sif Muna's Guide on Translocation (Sif Muna
                  | gifted it to you in the Dungeon)
  1995 | D        | Received a gift from Sif Muna
  1995 | D        | Paralysed by a floating eye for 3 turns
  1996 | D        | Noticed a skeletal warrior
  2001 | D        | Reached XP level 12. HP: 84/84 MP: 17/28
  2002 | D        | Reached skill level 16 in Earth Magic
  2041 | D        | Received a gift from Sif Muna
  2358 | D        | Noticed Erolcha
  2361 | D        | Killed Erolcha
  2362 | D        | Reached skill level 5 in Transmutations
  2362 | D        | Reached skill level 5 in Fire Magic
  2362 | D        | Reached skill level 1 in Evocations
  2524 | D        | Reached skill level 5 in Conjurations
  2628 | D        | Noticed a two-headed ogre
  2631 | D        | Noticed an ogre mage
  2632 | D        | Noticed a two-headed ogre
  2638 | D        | Killed a two-headed ogre
  2639 | D        | Killed an ogre mage
  2639 | D        | Identified Azat's Handbook of the Bewitching Entourage (Sif
                  | Muna gifted it to you in the Dungeon)
  2639 | D        | Received a gift from Sif Muna
  2640 | D        | Noticed a two-headed ogre
  2642 | D        | Killed a two-headed ogre
  2645 | D        | Killed a two-headed ogre
  2646 | D        | Noticed a two-headed ogre
  2648 | D        | Killed a two-headed ogre
  2763 | D        | Learned a level 2 spell: Blink
  2792 | D        | Reached skill level 10 in Fighting
  2792 | D        | Received a gift from Sif Muna
  2853 | D        | Reached skill level 1 in Translocations
  2853 | D        | Reached skill level 5 in Evocations
  3021 | D        | Noticed an ogre mage
  3023 | D        | Noticed a death yak
  3024 | D        | Received a gift from Sif Muna
  3025 | D        | Killed an ogre mage
  3025 | D        | Noticed an ogre mage
  3026 | D        | Killed an ogre mage
  3027 | D        | Reached XP level 13. HP: 62/93 MP: 25/30
  3027 | D        | Identified Caedogea's Almanac of Supportive Transmutation
                  | (Sif Muna gifted it to you in the Dungeon)
  3027 | D        | Received a gift from Sif Muna
  3045 | D        | Identified Sif Muna's Guide on Frigorific Bewitchment (Sif
                  | Muna gifted it to you in the Dungeon)
  3045 | D        | Received a gift from Sif Muna
  3046 | D        | Reached skill level 17 in Earth Magic
  3055 | D        | Noticed a profane servitor
  3061 | D        | Slain by a profane servitor

Illustrated notes

Levels and vault maps discovered:
D:        pitsprint [storerooms_1, entrance_room_1, metal_vault_2, armoury_1,
          mini_pit_1, grid_room_1, main_hall_1, silver_pit, the_coven_1,
          the_vestibule_1, steel_vault_3, golden_pit, hallway_of_sentries,
          crystal_vault_6, iron_vault_2, final_vault]

Skill      XL: |  1  2  3  4  5  6  7  8  9 10 11 12 13 |
---------------+----------------------------------------+-----
Earth Magic    | 5 6 8 10 11 12 13 14 15 16 17 | 17.0
Spellcasting   | 4 7 8 10 11 12 13 | 13.5
Dodging        | 3 7 8 10 11 12 14 | 14.4
Invocations    | 3 7 9 11 12 13 | 13.1
Fighting       | 2 6 8 10 11 | 11.0
Conjurations   | 4 7 8 |  8.2
Transmutations | 4 7 8 |  8.4
Fire Magic     | 4 7 8 |  8.2
Evocations     | 5 7 |  7.2
Translocations | 2 4 |  4.8
Stealth        | |  2.6

Action                   |  1- 3 |  4- 6 |  7- 9 | 10-12 | 13-15 || total
-------------------------+-------+-------+-------+-------+-------++-------
Melee: Quarterstaff      |       |    15 |       |       |       ||    15
       Tentacles         |       |     2 |       |       |       ||     2
       Constrict         |       |     4 |       |       |       ||     4
       Unarmed           |       |       |       |       |     4 ||     4
 Cast: Sandblast         |    11 |    14 |       |     2 |       ||    27
       Stone Arrow       |       |     4 |       |       |       ||     4
       Lee's Rapid Decon |       |     3 |    19 |    70 |    20 ||   112
       Dragon Form       |       |       |       |       |     1 ||     1
Invok: Channel Magic     |       |     1 |     3 |     6 |     2 ||    12
       Divine Exegesis   |       |       |       |       |     1 ||     1
 Abil: Breathe Fire      |       |       |       |       |     1 ||     1
  Use: Potion            |       |     2 |       |     1 |     4 ||     7
       Scroll            |       |       |       |     2 |       ||     2
 Stab: Sleeping          |       |     2 |       |       |       ||     2
Armor: Skin              |       |       |       |       |     5 ||     5
Dodge: Dodged            |     4 |     9 |     4 |    11 |     7 ||    35

Table legend: (Time is in decaauts)
 A = Elapsed time spent in this place.
 B = Non-inter-level travel time spent in this place.
 C = Inter-level travel time spent in this place.
 D = Time resting spent in this place.
 E = Time spent auto-exploring this place.
 F = Levels seen in this place.
 G = Mean time per level.
                   A        B        C        D        E       F      G
               +--------+--------+--------+--------+--------+-----+--------+
         Total |   3058 |   3058 |      0 |   1992 |      0 |   1 | 3058.0 |
       Dungeon |   3058 |   3058 |      0 |   1992 |      0 |   1 | 3058.0 |
               +--------+--------+--------+--------+--------+-----+--------+

Top non-repeatable levels by time:
       D: 3058 daAuts
